 Dungeon Crawl Stone Soup version 0.26-a0-540-g8a0c9464d7 (webtiles) character file.

Game seed: 1616096152520942793

1532 Froggeryz the Covert (level 8, -14/100 HPs)
             Began as a Gnoll Delver on Aug 15, 2020.
             Blown up by Pikel (17 damage)
             ... with a disintegration bolt
             ... on level 6 of the Dungeon.
             The game lasted 00:10:23 (8189 turns).

Froggeryz the Covert (Gnoll Delver)                 Turns: 8189, Time: 00:10:25

Health: -14/100    AC: 24    Str: 17    XL:     8   Next: 85%
Magic:  13/13      EV:  2    Int: 13    God:
Gold:   289        SH:  0    Dex: 16    Spells: 14/14 levels left

rFire    . . .     SeeInvis .   a - +0 mace
rCold    . . .     Faith    .   (no shield)
rNeg     + + +     Spirit   .   (armour currently unavailable)
rPois    +         Reflect  .   (helmet currently unavailable)
rElec    .         Harm     .   (cloak currently unavailable)
rCorr    .         NoTele   +   (gloves currently unavailable)
MR       .....                  (boots currently unavailable)
Stlth    +++++.....             (no amulet)
HPRegen  0.26/turn              (no ring)
MPRegen  0.13/turn              (no ring)

@: tree-form
A: distributed training, strong nose
a: no special abilities


You were on level 6 of the Dungeon.
You were a tree.
You visited 1 branch of the dungeon, and saw 6 of its levels.

You collected 289 gold pieces.

Inventory:

Hand Weapons
 a - a +0 mace (weapon)
 r - a +2 short sword of draining
Missiles
 u - 2 throwing nets (quivered)
Armour
 h - a +4 scale mail of poison resistance (melded)
 i - a +0 helmet (melded)
Jewellery
 q - a +4 ring of protection {unknown}
 s - an uncursed ring of ice {unknown}
Wands
 g - a wand of digging (3)
 t - a wand of enslavement (8)
 v - a wand of iceblast (4)
Scrolls
 b - 3 scrolls of identify {unknown}
 c - 2 scrolls of fog
 d - 2 scrolls of magic mapping
 e - a scroll of enchant weapon {unknown}
 l - a scroll of amnesia {unknown}
 m - 2 scrolls of immolation {unknown}
 n - 3 scrolls of remove curse {unknown}
Potions
 f - 2 potions of haste
 j - 3 potions of lignification
 k - a potion of curing
 o - 2 potions of heal wounds {unknown}
 p - a potion of magic {unknown}


   Skills:
 + Level 7.5 Fighting
 + Level 3.6 Short Blades
 + Level 3.6 Long Blades
 + Level 3.6 Axes
 + Level 5.9 Maces & Flails
 + Level 3.6 Polearms
 + Level 3.6 Staves
 + Level 3.6 Slings
 + Level 3.6 Bows
 + Level 3.6 Crossbows
 + Level 3.6 Throwing
 + Level 3.6 Armour
 + Level 5.9 Dodging
 + Level 10.2 Stealth
 + Level 3.6 Shields
 + Level 3.6 Unarmed Combat
 + Level 3.6 Spellcasting
 + Level 3.0 Conjurations
 + Level 3.0 Hexes
 + Level 3.0 Summonings
 + Level 3.0 Necromancy
 + Level 3.0 Translocations
 + Level 3.0 Transmutations
 + Level 3.0 Fire Magic
 + Level 3.0 Ice Magic
 + Level 3.0 Air Magic
 + Level 3.0 Earth Magic
 + Level 3.0 Poison Magic
 + Level 4.0 Invocations
 + Level 3.6 Evocations


You had 14 spell levels left.
You didn't know any spells.
Your spell library was empty.

Dungeon Overview and Level Annotations

Branches:
Dungeon (6/15)
 Temple: D:4-7

Altars:
Dithmenos
Elyvilon
Gozag
Trog
Uskayaw
Vehumet
Xom
Zin
The Shining One

Annotations:
D:6 Pikel


Innate Abilities, Weirdness & Mutations

Your experience applies equally to all skills.
((You have very sharp teeth.))
Your uncanny sense of smell can sniff out nearby items.


Message History

Pikel hits you but does no damage.
You hit Pikel but do no damage.
Pikel is severely wounded.
Pikel hits you with a +1 whip of flaming.
* * * LOW HITPOINT WARNING * * *
Pikel burns you.
* * * LOW HITPOINT WARNING * * *
You hit Pikel.
Pikel is almost dead.
Pikel hits you but does no damage.
You hit Pikel.
Pikel is almost dead.
Pikel hits you but does no damage.
You closely miss Pikel.
Pikel is almost dead.
Pikel hits you but does no damage.
You hit Pikel but do no damage.
Pikel is almost dead.
Pikel zaps a wand.
You are blasted!
You die...

##### ..###<).......#
..... ####.....## .....
##.....## ..... ∆
#.......# .....
#.......# .....
#.......# .....
##.....## .....
###################...##
5....
...5555K♣.....>...###.#
...
#################..##.#
##..#.# ##...# #####


You could see Pikel and 4 lemures.

Vanquished Creatures
  Sigmund (D:3)
  A black bear (D:3)
  An ogre (D:6)
  2 centaurs (D:5)
  A water moccasin skeleton (D:4)
  3 wights
  2 howler monkeys
  A centaur zombie (D:6)
  A bullfrog skeleton (D:5)
  A hound (D:6)
  A jelly (D:5)
  3 orc priests
  A centaur skeleton (D:6)
  4 orc wizards
  Terence (D:2)
  2 iguanas
  3 worker ants
  A hound skeleton (D:5)
  Robin (D:3)
  A gnoll (D:1)
  A river rat (D:5)
  7 adders
  2 shadow imps (D:5)
  3 ufetubi
  An ooze (D:5)
  An adder skeleton (D:5)
  5 worms
  3 dart slugs
  A leopard gecko (D:6)
  22 orcs
  2 ball pythons
  4 giant cockroaches
  19 goblins
  12 hobgoblins
  6 jackals
  6 quokkas
  4 bats
  5 frilled lizards
  5 kobolds
  A quokka skeleton (D:4)
  10 rats
152 creatures vanquished.

Notes
Turn   | Place    | Note
-------+----------+-------------------------------------------
     0 | D:5      | Reached skill level 9 in Stealth
     0 | D:5      | Froggeryz the Gnoll Delver began the quest for the Orb.
     0 | D:5      | Reached XP level 1. HP: 23/23 MP: 1/1
    82 | D:4      | Noticed a worker ant
    83 | D:4      | Reached XP level 2. HP: 29/29 MP: 2/2
   103 | D:5      | Noticed a centaur
   115 | D:5      | Killed a centaur
   115 | D:5      | Reached skill level 1 in Short Blades
   115 | D:5      | Reached skill level 1 in Long Blades
   115 | D:5      | Reached skill level 1 in Axes
   115 | D:5      | Reached skill level 1 in Polearms
   115 | D:5      | Reached skill level 1 in Staves
   115 | D:5      | Reached skill level 1 in Slings
   115 | D:5      | Reached skill level 1 in Bows
   115 | D:5      | Reached skill level 1 in Crossbows
   115 | D:5      | Reached skill level 1 in Throwing
   115 | D:5      | Reached skill level 1 in Armour
   115 | D:5      | Reached skill level 1 in Shields
   115 | D:5      | Reached skill level 1 in Unarmed Combat
   115 | D:5      | Reached skill level 1 in Spellcasting
   115 | D:5      | Reached skill level 1 in Invocations
   115 | D:5      | Reached skill level 1 in Evocations
   115 | D:5      | Reached XP level 3. HP: 4/35 MP: 2/4
   115 | D:5      | Reached XP level 4. HP: 5/41 MP: 2/5
   332 | D:6      | Reached skill level 1 in Conjurations
   332 | D:6      | Reached skill level 1 in Hexes
   332 | D:6      | Reached skill level 1 in Summonings
   332 | D:6      | Reached skill level 1 in Necromancy
   332 | D:6      | Reached skill level 1 in Translocations
   332 | D:6      | Reached skill level 1 in Transmutations
   332 | D:6      | Reached skill level 1 in Fire Magic
   332 | D:6      | Reached skill level 1 in Ice Magic
   332 | D:6      | Reached skill level 1 in Air Magic
   332 | D:6      | Reached skill level 1 in Earth Magic
   332 | D:6      | Reached skill level 1 in Poison Magic
   333 | D:6      | Reached XP level 5. HP: 26/47 MP: 6/6
   855 | D:6      | HP: 1/47 [orc wizard/+0 dagger (3)]
   875 | D:6      | Found a white marble altar of Elyvilon.
  1645 | D:4      | Found a radiant altar of Vehumet.
  1712 | D:4      | Reached XP level 6. HP: 30/53 MP: 8/8
  1973 | D:2      | Noticed Terence
  1988 | D:2      | Killed Terence
  1988 | D:2      | Reached skill level 5 in Maces & Flails
  1988 | D:2      | Reached skill level 5 in Dodging
  3177 | D:2      | Found a glowing golden altar of the Shining One.
  3256 | D:2      | Found a hide-covered altar of Uskayaw.
  3931 | D:3      | Noticed a black bear
  3955 | D:3      | Killed a black bear
  3955 | D:3      | Reached XP level 7. HP: 32/60 MP: 10/10
  4266 | D:3      | Noticed Sigmund
  4288 | D:3      | Killed Sigmund
  4959 | D:3      | Noticed Robin
  4967 | D:3      | Killed Robin
  5408 | D:4      | Reached skill level 10 in Stealth
  5420 | D:4      | Reached XP level 8. HP: 61/67 MP: 12/12
  5473 | D:4      | Found an opulent altar of Gozag.
  5558 | D:4      | Found a glowing silver altar of Zin.
  5732 | D:4      | Found a shadowy altar of Dithmenos.
  6185 | D:4      | Found a bloodstained altar of Trog.
  7462 | D:5      | Found a shimmering altar of Xom.
  8152 | D:6      | Noticed Pikel
  8176 | D:6      | HP: 5/100 [disintegration (25)]
  8183 | D:6      | HP: 3/100 [disintegration (11)]
  8189 | D:6      | Blown up by Pikel

Illustrated notes

Levels and vault maps discovered:
D:1:      evilmike_arrival_rings, layout_loops_corners
D:2:      layout_basic, grunt_temple_overflow_open, uniq_terence
D:3:      layout_basic, uniq_robin, uniq_sigmund
D:4:      layout_basic, old_standard_altar, nicolae_overflow_crystal_walls,
          old_standard_altar, marbit_many_paths, trog_hazing_becter
D:5:      layout_gridville, lemuel_crystal_altar, portal_sewer_entry_e
D:6:      layout_rooms, elyvilon_altar_4, kennysheep_little_box,
          minmay_temple_entry_poolview, uniq_eustachio, uniq_pikel

Skill      XL: |  1  2  3  4  5  6  7  8 |
---------------+-------------------------+-----
Stealth        | 10 | 10.2
Short Blades   | 1 2 3 |  3.6
Long Blades    | 1 2 3 |  3.6
Axes           | 1 2 3 |  3.6
Polearms       | 1 2 3 |  3.6
Staves         | 1 2 3 |  3.6
Slings         | 1 2 3 |  3.6
Bows           | 1 2 3 |  3.6
Crossbows      | 1 2 3 |  3.6
Throwing       | 1 2 3 |  3.6
Armour         | 1 2 3 |  3.6
Shields        | 1 2 3 |  3.6
Unarmed Combat | 1 2 3 |  3.6
Spellcasting   | 1 2 3 |  3.6
Invocations    | 1 2 3 4 |  4.0
Evocations     | 1 2 3 |  3.6
Conjurations   | 1 2 3 |  3.0
Hexes          | 1 2 3 |  3.0
Summonings     | 1 2 3 |  3.0
Necromancy     | 1 2 3 |  3.0
Translocations | 1 2 3 |  3.0
Transmutations | 1 2 3 |  3.0
Fire Magic     | 1 2 3 |  3.0
Ice Magic      | 1 2 3 |  3.0
Air Magic      | 1 2 3 |  3.0
Earth Magic    | 1 2 3 |  3.0
Poison Magic   | 1 2 3 |  3.0
Maces & Flails | 5 |  5.9
Dodging        | 5 |  5.9
Fighting       | 7 |  7.5

Action                   |  1- 3 |  4- 6 |  7- 9 || total
-------------------------+-------+-------+-------++-------
Melee: Mace              |    14 |   224 |   401 ||   639
       Punch             |     1 |       |     5 ||     6
       Bite              |       |    26 |    46 ||    72
Evoke: Wand              |       |       |     1 ||     1
  Use: Scroll            |       |     2 |       ||     2
       Potion            |       |     1 |     5 ||     6
 Stab: Sleeping          |       |    18 |    13 ||    31
Armor: Leather armour    |     3 |    16 |       ||    19
       Scale mail        |       |    55 |   171 ||   226
       Skin              |       |       |    13 ||    13
Dodge: Dodged            |     8 |   175 |   333 ||   516

Table legend: (Time is in decaauts)
 A = Elapsed time spent in this place.
 B = Non-inter-level travel time spent in this place.
 C = Inter-level travel time spent in this place.
 D = Time resting spent in this place.
 E = Time spent auto-exploring this place.
 F = Levels seen in this place.
 G = Mean time per level.
                   A        B        C        D        E       F      G
               +--------+--------+--------+--------+--------+-----+--------+
         Total |   8287 |   7526 |    761 |   1748 |   3927 |   6 | 1381.2 |
       Dungeon |   8287 |   7526 |    761 |   1748 |   3927 |   6 | 1381.2 |
               +--------+--------+--------+--------+--------+-----+--------+

Top non-repeatable levels by time:
     D:4: 2420 daAuts
     D:5: 1735 daAuts
     D:3: 1380 daAuts
     D:2: 1006 daAuts
     D:1: 968 daAuts
     D:6: 776 daAuts
